 Dungeon Crawl Stone Soup version 0.23.2 (webtiles) character file.

Game seed: 4990544569962629494

10327 teukkam the Slicer (level 11, -2/84 HPs)
             Began as a Minotaur Fighter on Mar 31, 2019.
             Was a Plaything of Xom.
             Slain by an ice dragon (11 damage)
             ... on level 6 of the Lair of Beasts on Apr 1, 2019.
             The game lasted 00:53:38 (8863 turns).

teukkam the Slicer (Minotaur Fighter)               Turns: 8863, Time: 00:53:38

Health: -2/84      AC: 12    Str: 21    XL:     11   Next: 34%
Magic:  9/13       EV: 11    Int:  5    God:    Xom [*.....]
Gold:   713        SH:  0    Dex: 11    Spells: 12/15 levels left

rFire    . . .     SeeInvis .   (no weapon)
rCold    . . .     Gourm    .   (no shield)
rNeg     . . .     Faith    .   e - +0 troll leather armour {Purgy}
rPois    +         Spirit   .   (helmet restricted)
rElec    .         Reflect  .   (no cloak)
rCorr    .         Harm     .   l - +2 pair of gloves
MR       .....     Clarity  +   p - +2 pair of boots
Stlth    +++++.....             F - amulet of regeneration
HPRegen  1.04/turn              d - ring of stealth
MPRegen  0.13/turn              J - ring of wizardry

@: confusing touch, about to teleport, very slightly contaminated
A: retaliatory headbutt, horns 2, clarity, frail 1, poison resistance, weak 1
a: Renounce Religion


You were on level 6 of the Lair of Beasts.
You worshipped Xom.
You were a special plaything of Xom.
You were not hungry.

You visited 2 branches of the dungeon, and saw 16 of its levels.
You also visited: Sewer.

You collected 713 gold pieces.

Inventory:

Hand Weapons
 a - a +2 short sword of speed
 z - a +0 war axe
 L - a +2 spear of freezing
 M - a +5 long sword of freezing
 P - a +1 halberd of venom
 Q - a +1 war axe of flaming
Missiles
 r - 10 poisoned needles
 u - 5 curare-tipped needles
 C - 16 tomahawks (quivered)
Armour
 c - a +0 shield
 e - a +0 troll leather armour (worn) {Purgy}
 g - a +0 scale mail
 l - a +2 pair of gloves (worn)
 p - a +2 pair of boots (worn)
 O - the +0 robe of the Loofah {MR+ MP-9 Str+2 Dex+3}
   (You found it on level 7 of the Dungeon)

   It affects your strength (+2).
   It affects your dexterity (+3).
   It affects your resistance to hostile enchantments.
   It affects your magic capacity (-9).
Magical Staves
 b - an uncursed staff of wizardry
Jewellery
 d - a ring of stealth (left hand)
 B - an uncursed ring of see invisible
 F - an amulet of regeneration (around neck)
 H - an uncursed ring of wizardry
 J - a ring of wizardry (right hand)
 U - an uncursed ring of resist corrosion
Wands
 o - a wand of iceblast (27)
 A - a wand of acid (6)
 K - a wand of flame (24)
 R - a wand of clouds (1)
Scrolls
 i - 5 scrolls of remove curse
 k - 12 scrolls of identify
 m - a scroll of blinking
 n - 2 scrolls of noise
 v - 2 scrolls of fog
 y - 5 scrolls of teleportation
 D - a scroll of magic mapping
 E - a scroll of immolation
 I - a scroll of enchant weapon
 S - a scroll of holy word {unknown}
 V - a scroll of vulnerability {unknown}
Potions
 t - 3 potions of might
 w - a potion of magic
Miscellaneous
 N - a lightning rod (4/4)
Comestibles
 f - 17 rations
 j - 3 chunks of flesh


   Skills:
 - Level 7.9 Fighting
 + Level 9.6 Short Blades
 - Level 5.7 Axes
 - Level 7.9 Armour
 + Level 8.7 Stealth
 - Level 7.9 Shields
 - Level 2.5 Spellcasting
 - Level 2.9 Translocations


You had 12 spell levels left.
You knew the following spells:

 Your Spells              Type           Power        Failure   Level  Hunger
a - Blink                 Tloc           N/A          9%          2    ###....
b - Confusing Touch       Hex            #.....       19%         1    ##.....

Your spell library contained the following spells:

 Spells                   Type           Power        Failure   Level  Hunger
 Gell's Gravitas          Tloc           #.........   16%         3    ####...
 Animate Skeleton         Necr           N/A          19%         1    ##.....
 Magic Dart               Conj           #...         19%         1    ##.....
 Pain                     Necr           #...         19%         1    ##.....
 Summon Butterflies       Summ           #.......     19%         1    ##.....
 Summon Small Mammal      Summ           #...         19%         1    ##.....
 Call Imp                 Summ           #.......     26%         2    ###....
 Slow                     Hex            #.......     26%         2    ###....
 Call Canine Familiar     Summ           #.......     45%         3    ####...
 Confuse                  Hex            #.......     45%         3    ####...
 Conjure Flame            Conj/Fire      #.......     45%         3    ####...
 Mephitic Cloud           Conj/Pois/Air  #.......     45%         3    ####...
 Regeneration             Chrm/Necr      #.........   45%         3    ####...
 Summon Guardian Golem    Hex/Summ       #.......     45%         3    ####...
 Vampiric Draining        Necr           #.........   45%         3    ####...
 Animate Dead             Necr           N/A          86%         4    #####..
 Petrify                  Tmut/Erth      #.......     86%         4    #####..
 Summon Ice Beast         Ice/Summ       #.......     86%         4    #####..
 Summon Lightning Spire   Summ/Air       #.......     86%         4    #####..
 Blade Hands              Tmut           #.........   99%         5    ######.
 Metabolic Englaciation   Hex/Ice        #.........   99%         5    ######.
 Yara's Violent Unravell  Hex/Tmut       #.........   99%         5    ######.
 Statue Form              Tmut/Erth      #........    100%        6    #######


Dungeon Overview and Level Annotations

Branches:
Dungeon (10/15)            Temple (0/1) D:5            Lair (6/6) D:8
  Swamp: Lair:2-4    Shoals: Lair:2-4     Snake: Lair:2-4    Spider: Lair:2-4
  Slime: Lair:5-6       Orc: D:9-12

Altars:
Ashenzari
Cheibriados
Elyvilon
Fedhas
Hepliaklqana
Kikubaaqudgha
Makhleb
Nemelex Xobeh
Qazlal
Ru
Wu Jian
Xom
Zin
The Shining One

Shops:
D:4 *


Innate Abilities, Weirdness & Mutations

You reflexively headbutt those who attack you in melee.
You have a pair of horns on your head.
You possess an exceptional clarity of mind.
You are frail. (-10% HP)
Your system is resistant to poisons. (rPois)
You are weak. (Str -2)


Message History

The ice dragon bites you.
* * * LOW HITPOINT WARNING * * *
The ice dragon claws you but does no damage.
The ice dragon tramples you.
* * * LOW HITPOINT WARNING * * *
You stumble backwards!
You hit the ice dragon but do no damage.
The ice dragon bites you.
* * * LOW HITPOINT WARNING * * *
The ice dragon claws you but does no damage.
The ice dragon tramples you.
* * * LOW HITPOINT WARNING * * *
You hold your ground!
Okay, then.
You hit the ice dragon but do no damage.
The ice dragon bites you.
* * * LOW HITPOINT WARNING * * *
The ice dragon closely misses you. The ice dragon tramples you!
You die...
Xom giggles madly!

#### ##.P.#
##...... ##...#
.## ###.†.#
##.. #@..##.#
## ...##
##D8.###
##.##....#
#'#...###
#.#......#
$$####...#
#........#
#$.$∆ #..##
#........#
#$$$∆∆ ##..###
#...<....#
#$$$∆ #....#
#........####$∆
##..##
#.........####
#PP##


You could see an ice dragon.

Vanquished Creatures
  A hydra (Lair:6)
  Erica (D:9)
  A deep elf mage (D:7)
  A black mamba (Lair:6)
  A torpor snail (Lair:6)
  2 spiny frogs
  Prince Ribbit (D:7)
  3 hippogriffs
  A warg (Lair:6)
  2 hungry ghosts (D:8)
  An acid dragon (D:8)
  2 hell hounds (Lair:6)
  3 water moccasins
  2 orc warriors
  A porcupine (Lair:1)
  Purgy (Sewer)
  4 sky beasts
  3 black bears (Lair:6)
  2 ice beasts (D:6)
  An eye of draining (D:7)
  2 phantoms
  4 wolves (Lair:6)
  3 ogres
  3 centaurs
  4 crocodiles
  7 bullfrogs
  3 scorpions
  4 killer bees (D:8)
  2 wights
  3 electric eels (D:8)
  2 howler monkeys
  5 jellies
  A crimson imp (D:9)
  A centaur zombie (D:8)
  9 hounds
  2 quasits
  A bullfrog zombie (D:5)
  3 orc priests
  6 orc wizards
  2 centaur skeletons
  Jessica (D:3)
  An iguana (D:7)
  Natasha (D:3)
  11 worker ants
  A hound zombie (D:6)
  2 hound skeletons
  2 worker ant zombies
  2 howler monkey skeletons
  14 adders
  6 river rats (D:6)
  2 shadow imps
  A worm (D:2)
  A dart slug (D:1)
  4 leopard geckos
  23 orcs
  4 ball pythons
  5 bats
  5 giant cockroaches
  5 goblins
  6 hobgoblins
  12 jackals
  8 quokkas
  9 frilled lizards
  A jackal skeleton (D:4)
  4 kobolds
  3 leopard gecko skeletons
  A leopard gecko zombie (D:6)
  A quokka skeleton (D:6)
  A quokka zombie (D:6)
  22 rats
  A fungus (Lair:6)
  A plant (Lair:6)
262 creatures vanquished.

Vanquished Creatures (collateral kills)
  A troll (D:8)
  An ice beast (D:6)
  An ogre (D:8)
  A wolf (D:8)
  2 wights (D:6)
  An electric eel (D:8)
  An orc priest (D:8)
  A hound (D:8)
  An orc (D:8)
  A ball python (D:8)
  4 rats (D:6)
15 creatures vanquished.

Vanquished Creatures (others)
  4 fungi (Lair:6)
  9 plants (Lair:6)
13 creatures vanquished.

Grand Total: 290 creatures vanquished

Notes
Turn   | Place    | Note
-------+----------+-------------------------------------------
     0 | D:1      | teukkam the Minotaur Fighter began the quest for the Orb.
     0 | D:1      | Reached XP level 1. HP: 19/19 MP: 0/0
    63 | D:2      | Found a faded altar of an unknown god.
    69 | D:2      | Became a worshipper of Xom of Chaos
   193 | D:1      | Reached XP level 2. HP: 23/27 MP: 1/1
   416 | D:1      | XOM: silly message
   648 | D:1      | XOM: divination: magic mapping
   797 | D:1      | XOM: harmless Fire miscast
   880 | D:2      | Reached XP level 3. HP: 33/33 MP: 2/2
   896 | D:3      | Found a glowing silver altar of Zin.
  1141 | D:4      | XOM: divination: detect creatures
  1144 | D:4      | Reached XP level 4. HP: 2/41 MP: 3/3
  1146 | D:4      | HP: 2/41 [poisoned by an adder]
  1389 | D:3      | Noticed Jessica
  1397 | D:3      | Killed Jessica
  1404 | D:3      | Found a shimmering altar of Xom.
  1404 | D:3      | Found a shimmering altar of Xom.
  1404 | D:3      | Found a shimmering altar of Xom.
  1405 | D:3      | Found a shimmering altar of Xom.
  1410 | D:3      | Found a shimmering altar of Xom.
  1612 | D:2      | Found a stormy altar of Qazlal.
  1696 | D:2      | XOM: divination: detect items
  1703 | D:2      | Reached XP level 5. HP: 45/47 MP: 4/4
  1757 | D:2      | XOM: harmless Pois miscast
  2339 | D:3      | Noticed Natasha
  2340 | D:3      | XOM: divination: detect creatures
  2347 | D:3      | Killed Natasha
  2547 | D:4      | Found Zoff's Lightly-Used Armoury.
  2628 | D:4      | Found a sacrificial altar of Ru.
  2638 | D:4      | Reached skill level 5 in Armour
  2638 | D:4      | Reached skill level 5 in Shields
  2639 | D:4      | Reached skill level 5 in Fighting
  2640 | D:4      | Reached XP level 6. HP: 47/56 MP: 5/5
  2714 | D:4      | XOM: silly message
  2716 | D:4      | Reached skill level 1 in Stealth
  2735 | D:4      | XOM: silly message
  2793 | D:4      | XOM: mild Fire miscast
  3112 | D:4      | XOM: mild Ice miscast
  3152 | D:5      | Entered Level 5 of the Dungeon
  3152 | D:5      | Found a white marble altar of Elyvilon.
  3159 | D:5      | XOM: cast spell 'Olgreb's Toxic Radiance'
  3280 | D:6      | Found a shattered altar of Ashenzari.
  3280 | D:6      | Noticed an ice beast
  3284 | D:6      | Reached XP level 7. HP: 61/61 MP: 6/6
  3299 | D:6      | Found a glowing drain.
  3304 | D:6      | XOM: potion effect (invisibility)
  3310 | D:6      | Reached skill level 5 in Axes
  3336 | Sewer    | Entered a sewer
  3428 | Sewer    | Noticed Purgy
  3441 | Sewer    | Killed Purgy
  3523 | D:6      | XOM: potion effect (brilliance)
  3526 | D:6      | XOM: silly message
  3550 | D:6      | Found a shimmering altar of Xom.
  3574 | D:6      | Learned a level 2 spell: Blink
  3602 | D:6      | XOM: harmless Necr miscast
  3611 | D:6      | XOM: divination: detect creatures
  3620 | D:6      | XOM: swap monsters
  3732 | D:6      | XOM: summons 2 friendly demons
  3737 | D:6      | Reached XP level 8. HP: 64/70 MP: 7/7
  3793 | D:6      | Reached skill level 1 in Translocations
  3829 | D:6      | Reached skill level 1 in Spellcasting
  3989 | D:6      | Reached skill level 1 in Short Blades
  4294 | D:5      | Found a snail-covered altar of Cheibriados.
  4317 | D:5      | Found a staircase to the Ecumenical Temple.
  4320 | D:5      | XOM: noise
  4360 | D:5      | Reached skill level 2 in Short Blades
  4500 | D:5      | Found a burning altar of Makhleb.
  4504 | D:5      | Found a hazy altar of Hepliaklqana.
  4506 | D:5      | XOM: noise
  4865 | D:8      | Reached XP level 9. HP: 79/79 MP: 10/10
  4956 | D:8      | XOM: cast spell 'Discord'
  4982 | D:8      | XOM: 1-stop teleportation journey
  5043 | D:8      | Reached skill level 3 in Short Blades
  5044 | D:8      | XOM: cast spell 'Cause Fear'
  5123 | D:8      | XOM: cloud trail
  5134 | D:8      | Found a sparkling altar of Nemelex Xobeh.
  5205 | D:8      | Noticed a troll
  5212 | D:8      | XOM: summons 9 friendly demons
  5225 | D:8      | Killed a troll
  5389 | D:7      | Reached skill level 4 in Short Blades
  5424 | D:7      | Noticed Prince Ribbit
  5444 | D:7      | XOM: enchant monster (good)
  5445 | D:7      | Killed Prince Ribbit
  5542 | D:7      | Reached skill level 5 in Stealth
  5542 | D:7      | Reached XP level 10. HP: 88/88 MP: 12/12
  5559 | D:7      | Noticed a deep elf mage
  5584 | D:7      | Killed a deep elf mage
  5584 | D:7      | Reached skill level 5 in Short Blades
  5618 | D:7      | Identified the Volume of Calling and Transformation
  5625 | D:7      | Got a faintly humming robe
  5636 | D:7      | Identified the +0 robe of the Loofah {MR+ MP-9 Str+2 Dex+3}
                  | (You found it on level 7 of the Dungeon)
  5721 | D:7      | Reached skill level 6 in Short Blades
  5917 | D:7      | Learned a level 1 spell: Confusing Touch
  6103 | D:7      | XOM: give mutations
  6103 | D:7      | Gained mutation: You are weak. (Str -2) [Xom's mischief]
  6103 | D:7      | Gained mutation: Your system is resistant to poisons.
                  | (rPois) [Xom's mischief]
  6355 | D:8      | Found an ancient bone altar of Kikubaaqudgha.
  6493 | D:8      | Found a staircase to the Lair.
  6897 | D:9      | Found an ornate altar of the Wu Jian Council.
  6990 | D:9      | XOM: mild Tloc miscast
  7087 | D:9      | Found a glowing golden altar of the Shining One.
  7218 | D:9      | Noticed Erica
  7236 | D:9      | Killed Erica
  7236 | D:9      | Reached skill level 7 in Short Blades
  7331 | D:9      | XOM: harmless Tmut miscast
  7362 | D:9      | XOM: mild Summ miscast
  7597 | D:10     | XOM: noise
  7597 | D:10     | Entered Level 10 of the Dungeon
  7703 | D:9      | Found a blossoming altar of Fedhas.
  7833 | Lair:1   | Entered Level 1 of the Lair of Beasts
  7833 | Lair:1   | Noticed a spiny frog
  7842 | Lair:1   | Killed a spiny frog
  7847 | Lair:1   | Reached skill level 8 in Short Blades
  8205 | Lair:2   | Noticed an elephant
  8212 | Lair:2   | Noticed an elephant
  8213 | Lair:2   | Noticed an elephant
  8215 | Lair:3   | Noticed a spiny frog
  8216 | Lair:3   | Noticed a spiny frog
  8219 | Lair:3   | Noticed a spiny frog
  8221 | Lair:4   | XOM: summons 5 hostile demons
  8279 | Lair:6   | Entered Level 6 of the Lair of Beasts
  8301 | Lair:6   | Noticed an elephant
  8302 | Lair:6   | Noticed an elephant
  8302 | Lair:6   | Noticed an elephant
  8342 | Lair:6   | Reached XP level 11. HP: 94/94 MP: 4/13
  8390 | Lair:6   | XOM: harmless Summ miscast
  8423 | Lair:6   | XOM: blink monster(s)
  8581 | Lair:6   | Reached skill level 9 in Short Blades
  8630 | Lair:6   | XOM: divination: detect items
  8638 | Lair:6   | Noticed a six-headed hydra
  8691 | Lair:6   | XOM: confuse monster(s)
  8702 | Lair:6   | XOM: give mutations
  8702 | Lair:6   | Gained mutation: You are dopey. (Int -2) [Xom's mischief]
  8702 | Lair:6   | Gained mutation: You possess an exceptional clarity of
                  | mind. [Xom's mischief]
  8702 | Lair:6   | Gained mutation: You are frail. (-10% HP) [Xom's mischief]
  8702 | Lair:6   | Lost mutation: You are dopey. (Int -2) [Xom's mischief]
  8707 | Lair:6   | XOM: medium Hex miscast
  8713 | Lair:6   | Killed a seven-headed hydra
  8809 | Lair:6   | XOM: 1-stop teleportation journey
  8817 | Lair:6   | Found a runed translucent door.
  8818 | Lair:6   | Noticed an ice dragon
  8863 | Lair:6   | Slain by an ice dragon

Skill      XL: |  1  2  3  4  5  6  7  8  9 10 11 |
---------------+----------------------------------+-----
Shields        | 4 5 6 7 |  7.9
Fighting       | 4 5 6 7 |  7.9
Armour         | 4 5 6 7 |  7.9
Axes           | 3 4 5 |  5.7
Stealth        | 1 2 3 5 7 8 |  8.7
Translocations | 1 2 |  2.9
Spellcasting   | 1 2 |  2.5
Short Blades   | 2 4 8 9 |  9.6

Action                   |  1- 3 |  4- 6 |  7- 9 | 10-12 || total
-------------------------+-------+-------+-------+-------++-------
Melee: War axe           |    76 |   112 |    97 |       ||   285
       Headbutt          |     9 |    14 |    87 |    84 ||   194
       Short sword       |       |       |   320 |   328 ||   648
       Unarmed           |       |       |       |    19 ||    19
       Spear             |       |       |       |     9 ||     9
       Staff             |       |       |       |     5 ||     5
       Halberd           |       |       |       |     2 ||     2
Throw: Javelin           |       |       |     1 |    10 ||    11
       Tomahawk          |       |       |       |     2 ||     2
 Cast: Blink             |       |       |     5 |    28 ||    33
       Confusing Touch   |       |       |       |     7 ||     7
Evoke: Wand              |       |     2 |     3 |    10 ||    15
  Use: Potion            |     3 |     2 |     7 |     9 ||    21
       Scroll            |     2 |     7 |     1 |     5 ||    15
 Stab: Invisible         |       |       |     2 |       ||     2
       Sleeping          |       |       |    17 |    16 ||    33
       Distracted        |       |       |     1 |       ||     1
       Paralysed         |       |       |     1 |       ||     1
       Confused          |       |       |       |     7 ||     7
  Eat: Chunk             |     1 |       |     7 |     3 ||    11
       Ration            |       |     2 |     1 |     3 ||     6
Armor: Scale mail        |    57 |    76 |    27 |       ||   160
       Troll leather arm |       |       |    99 |    49 ||   148
       Robe              |       |       |       |    36 ||    36
       Skin              |       |       |       |    27 ||    27
Dodge: Dodged            |    31 |    28 |   145 |   131 ||   335
Block: Shield            |    45 |    63 |   177 |       ||   285
